 Dungeon Crawl Stone Soup version 0.24.0-125-gc4c63601f3 (webtiles) character file.

Game seed: 3735577452787542642, levelgen mode: deterministic

41 GenChuck the Digger (level 3, 0/19 HPs)
             Began as a Gargoyle Earth Elementalist on Mar 17, 2020.
             Slain by Terence
             ... wielding a +0 falchion
              (1 damage)
             ... on level 1 of the Dungeon.
             The game lasted 00:14:24 (2027 turns).

GenChuck the Digger (Gargoyle Earth Elementalist)   Turns: 2027, Time: 00:14:24

Health: 0/19       AC:  5    Str: 11    XL:     3   Next: 52%
Magic:  2/6        EV: 12    Int: 16    God:
Gold:   68         SH:  0    Dex: 10    Spells: 2/6 levels left

rFire    . . .     SeeInvis .   a - +0 whip
rCold    . . .     Gourm    .   (no shield)
rNeg     + . .     Faith    .   c - +0 robe
rPois    ∞         Spirit   .   (no helmet)
rElec    +         Reflect  .   (no cloak)
rCorr    .         Harm     .   (no gloves)
MR       .....                  (no boots)
Stlth    ++........             (no amulet)
HPRegen  0.06/turn              (no ring)
MPRegen  0.10/turn              (no ring)

@: no status effects
A: negative energy resistance 1, electricity resistance, unbreathing,
petrification resistance, rot immunity, AC +3
a: no special abilities


You were on level 1 of the Dungeon.
You were not hungry.

You visited 1 branch of the dungeon, and saw 2 of its levels.

You collected 68 gold pieces.

Inventory:

Hand Weapons
 a - a +0 whip (weapon)
 h - a cursed -1 dagger
Missiles
 b - a stone (quivered)
Armour
 c - a +0 robe (worn)
 e - a +1 pair of gloves of strength
Comestibles
 d - 4 rations


   Skills:
 + Level 0.1 Fighting
 - Level 1.5 Dodging
 - Level 2.2 Stealth
 + Level 0.3 Unarmed Combat
 + Level 2.2 Spellcasting
   Level 0.7 Transmutations
 * Level 5.0 Earth Magic


You had 2 spell levels left.
You knew the following spells:

 Your Spells              Type           Power        Failure   Level  Hunger
a - Sandblast             Erth           ###...       2%          1    #......
b - Stone Arrow           Conj/Erth      #.....       22%         3    ###....

Your spell library contained the following spells:

 Spells                   Type           Power        Failure   Level  Hunger
 Passwall                 Tmut/Erth      ##......     10%         2    ###....
 Petrify                  Tmut/Erth      ##......     52%         4    #####..
 Lee's Rapid Deconstruct  Erth           ###.......   56%         5    ######.


Dungeon Overview and Level Annotations

Branches:
Dungeon (2/15)

Altars:

Annotations:
D:1 Terence
D:2 Sigmund


Innate Abilities, Weirdness & Mutations

You are resistant to torment.
Your stone body is resilient. (AC +3)
You are immune to poison.
You resist negative energy. (rN+)
You are resistant to electric shocks. (rElec)
You can survive without breathing.
You are immune to petrification.
You are immune to rotting.


Message History

You closely miss Terence.
Terence is heavily wounded.
Terence hits you with a +0 falchion.
* * * LOW HITPOINT WARNING * * *
The kobold barely misses you.
You hit Terence but do no damage.
Terence is heavily wounded.
The kobold hits you but does no damage. Terence hits you but does no damage.
You hit Terence but do no damage.
Terence is heavily wounded.
The kobold misses you. Terence closely misses you.
You barely miss Terence.
Terence is moderately wounded.
The kobold hits you with a +0 short sword.
* * * LOW HITPOINT WARNING * * *
Terence closely misses you. The kobold closely misses you.
You hit Terence.
Terence is heavily wounded.
Terence hits you with a +0 falchion.
You die...

##########............#
#.# ..#
#............######.#
#.#
#.########..........#
#.# #.# ############
#.# #.# #.# #.#######
#.# #.......# ..#
#.#####K# #.# ### #@#
#.# #@#
################.#
.................#
################## # #


You could see Terence and a kobold.

Vanquished Creatures
  An ooze (D:1)
  2 dart slugs (D:1)
  A leopard gecko (D:1)
  A giant cockroach (D:1)
  4 goblins (D:1)
  2 hobgoblins (D:1)
  9 jackals (D:1)
  4 bats
  A frilled lizard (D:1)
  2 kobolds (D:1)
  A rat (D:1)
28 creatures vanquished.

Notes
Turn   | Place    | Note
-------+----------+-------------------------------------------
     0 | D:1      | GenChuck the Gargoyle Earth Elementalist began the quest
                  | for the Orb.
     0 | D:1      | Reached XP level 1. HP: 10/10 MP: 3/3
    56 | D:1      | Reached skill level 4 in Earth Magic
    59 | D:1      | Reached XP level 2. HP: 10/15 MP: 0/5
    69 | D:1      | You fall into a shaft and drop 1 floor!
    69 | D:2      | Noticed Sigmund
   986 | D:1      | Reached XP level 3. HP: 18/19 MP: 3/6
  1033 | D:1      | Learned a level 3 spell: Stone Arrow
  1338 | D:1      | Reached skill level 5 in Earth Magic
  1989 | D:2      | Noticed Terence
  2027 | D:1      | Slain by Terence

Levels and vault maps discovered:
D:1:      mrwooster_arrival_statue_2, layout_basic,
          chequers_serial_rivers_small_3, minmay_misc_feat_plants,
          dk_noncrumbling_4
D:2:      layout_rooms, uniq_terence, uniq_sigmund

Skill      XL: |  1  2  3 |
---------------+----------+-----
Earth Magic    | 4 5 |  5.0
Fighting       | |  0.1
Dodging        | |  1.5
Stealth        | |  2.2
Unarmed Combat | |  0.3
Spellcasting   | |  2.2
Transmutations | |  0.7

Action                   || total
-------------------------++-------
Melee: Unarmed           ||    17
       Whip              ||    26
 Cast: Sandblast         ||    31
       Stone Arrow       ||     8
  Use: Scroll            ||     2
  Eat: Chunk             ||     5
       Ration            ||     1
Armor: Robe              ||    30
Dodge: Dodged            ||    74
